 Dungeon Crawl Stone Soup version 0.20.1-1-g8b1a95d (webtiles) character file.

119 Linguinho the Sneak (level 4, -3/30 HPs)
             Began as a Demonspawn Enchanter on Oct 31, 2017.
             Slain by a gnoll (9 damage)
             ... on level 2 of the Dungeon.
             The game lasted 00:06:22 (3001 turns).

Linguinho the Sneak (Demonspawn Enchanter)          Turns: 3001, Time: 00:06:22

Health: -3/30      AC:  2    Str:  8    XL:     4   Next: 74%
Magic:  3/7        EV: 12    Int: 17    God:
Gold:   120        SH:  0    Dex: 14    Spells: 5/8 levels left

rFire    + . .     SeeInvis .   a - +1 dagger
rCold    + . .     Gourm    .   (no shield)
rNeg     . . .     Faith    .   b - +0 robe
rPois    .         Spirit   .   (helmet restricted)
rElec    .         Reflect  .   (no cloak)
rCorr    .         Harm     .   (no gloves)
MR       .....                  (no boots)
Stlth    ++........             (no amulet)
Regen    0.1/turn               e - ring of protection from cold
MPRegen  0.1/turn               (no ring)

@: very slightly contaminated
A: horns 1, fire resistance 1
a: no special abilities


You were on level 2 of the Dungeon.
You were hungry.

You visited 1 branch of the dungeon, and saw 2 of its levels.

You collected 120 gold pieces.

Inventory:

Hand Weapons
 a - a +1 dagger (weapon)
Armour
 b - a +0 robe (worn)
 h - a +0 helmet
Jewellery
 e - a ring of protection from cold (left hand)
Scrolls
 g - a scroll of recharging {unknown}
 j - 3 scrolls of identify {unknown}
 m - a scroll of random uselessness {unknown}
 n - a scroll of magic mapping {unknown}
 q - a scroll of enchant weapon {unknown}
Potions
 f - 2 potions of haste {unknown}
 i - a potion of magic {unknown}
 o - a potion of agility {unknown}
 p - a potion of lignification {unknown}
Books
 c - a book of Maledictions

   Spells                             Type                      Level
   a - Corona                         Hexes                        1
   b - Ensorcelled Hibernation        Hexes/Ice                    2
   c - Confuse                        Hexes                        3
   d - Tukima's Dance                 Hexes                        3
   e - Dazzling Spray                 Conjuration/Hexes            3
Comestibles
 d - 2 bread rations
 k - 2 royal jellies
 l - a meat ration


   Skills:
 + Level 1.6 Short Blades
 + Level 2.1 Dodging
 + Level 3.7 Stealth
 + Level 2.5 Spellcasting
 + Level 3.6 Hexes
 + Level 1.1 Ice Magic


You had 5 spell levels left.
You knew the following spells:

 Your Spells              Type           Power        Failure   Level  Hunger
a - Corona                Hex            ##.....      4%          1    #......
b - Ensorcelled Hibernat  Hex/Ice        ##....       11%         2    ##.....


Dungeon Overview and Level Annotations

Branches:
Dungeon (2/15)

Altars:
Makhleb


Innate Abilities, Weirdness & Mutations

You have a pair of small horns on your head.
Your flesh is heat resistant. (rF+)


Message History

Press: ? - help, Shift-Dir - straight line, f/p - gnoll
Aim: a gnoll (chance to defeat MR: 50%)
The gnoll resists with some effort.
You are feeling hungry.
The gnoll completely misses you.
All of the chunks of flesh in your inventory have rotted away.
Things that are here:
a flail; a gnoll corpse You see here a ball python corpse.
Casting: Ensorcelled Hibernation
Confirm with . or Enter, or press ? or * to list all spells.
Aiming: Ensorcelled Hibernation
Press: ? - help, Shift-Dir - straight line, f/p - gnoll
Aim: a gnoll (chance to defeat MR: 50%)
You miscast Ensorcelled Hibernation.
You are very lightly contaminated with residual magic.
Nothing appears to happen.
The gnoll hits you.
* * * LOW HITPOINT WARNING * * *
The gnoll hits you!
You die...

###################
#.@...............)
#g################.
#.# #.
#.################.
#>......†...)......
#####'########.....
#.......# #.###.
#.......# ###'####
#.......# #.......


You could see a gnoll.

Vanquished Creatures
  A hound (D:2)
  3 gnolls (D:2)
  An adder (D:1)
  A worm (D:2)
  2 dart slugs
  A ball python (D:2)
  3 giant cockroaches (D:1)
  7 goblins
  9 hobgoblins
  5 bats
  3 frilled lizards
  8 kobolds (D:2)
  A rat (D:1)
45 creatures vanquished.

Notes
Turn   | Place    | Note
-------+----------+-------------------------------------------
     0 | D:1      | Linguinho the Demonspawn Enchanter began the quest for the Orb.
     0 | D:1      | Reached XP level 1. HP: 13/13 MP: 3/3
   392 | D:1      | Gained mutation: Your flesh is heat resistant. (rF+) [demonic ancestry]
   392 | D:1      | Reached XP level 2. HP: 6/19 MP: 3/5
   405 | D:1      | Learned a level 2 spell: Ensorcelled Hibernation
   695 | D:1      | Reached skill level 1 in Short Blades
  1356 | D:2      | Reached XP level 3. HP: 10/24 MP: 2/6
  1974 | D:2      | Gained mutation: You have a pair of small horns on your head. [demonic ancestry]
  1974 | D:2      | Reached XP level 4. HP: 18/30 MP: 3/7
  2128 | D:2      | Reached skill level 1 in Ice Magic
  2532 | D:2      | Found a burning altar of Makhleb.
  3001 | D:2      | Slain by a gnoll

Skill      XL: |  1  2  3  4 |
---------------+-------------+-----
Dodging        | 2 |  2.1
Stealth        | 3 |  3.7
Short Blades   | 1 |  1.6
Ice Magic      | 1 |  1.1
Spellcasting   | |  2.5
Hexes          | |  3.6

Action                   |  1- 3 |  4- 6 || total
-------------------------+-------+-------++-------
Melee: Dagger            |   106 |    45 ||   151
       Headbutt          |       |     6 ||     6
 Cast: Corona            |     8 |     2 ||    10
       Ensorcelled Hiber |    19 |    24 ||    43
 Stab: Sleeping          |    15 |     6 ||    21
  Eat: Chunk             |     5 |     4 ||     9
Armor: Robe              |    26 |     9 ||    35
Dodge: Dodged            |    90 |    32 ||   122
